 Dungeon Crawl Stone Soup version 0.30.0 (webtiles) character file.

Game seed: 6791750685357648025

91 dialectric the Covert (level 4, -3/31 HPs)
             Began as an Octopode Delver on May 6, 2023.
             Was an Initiate of Okawaru.
             Slain by a hornet (10 damage)
             ... on level 9 of the Dungeon.
             The game lasted 00:01:34 (456 turns).

dialectric the Covert (Octopode Delver)              Turns: 456, Time: 00:01:35

Health: -3/31      AC:  1    Str: 11    XL:     4   Next: 59%
Magic:  4/4        EV: 13    Int: 12    God:    Okawaru [......]
Gold:   71         SH:  0    Dex: 15    Spells: 3/3 levels left

rFire   . . .        a - +0 short sword
rCold   . . .        (no shield)
rNeg    . . .        (helmet restricted)
rPois   .            (no amulet)
rElec   .            (no ring)
rCorr   .            (no ring)
SInv    .            (no ring)
Will    .....        (no ring)
Stlth   +++++        (no ring)
HPRegen 0.25/turn    (no ring)
MPRegen 0.09/turn    (no ring)
                     (no ring)

%: no passive effects
@: lethally poisoned (-3 -> -11), slowed, very slow
A: almost no armour, amphibious, 8 rings, camouflage 1, gelatinous body 1,
(nimble swimmer 1), tentacles
a: Renounce Religion


You were on level 9 of the Dungeon.
You worshipped Okawaru.
Okawaru was noncommittal.
You visited 1 branch of the dungeon, and saw 5 of its levels.

You collected 71 gold pieces.

Inventory:

Hand Weapons
 a - a +0 short sword (weapon)
 i - a +0 long sword
Wands
 f - a wand of digging (3)
 m - a wand of quicksilver (9)
Scrolls
 b - a scroll of fog
 c - a scroll of magic mapping
 d - a scroll of fear
 h - a scroll of silence {unknown}
 j - a scroll of torment {unknown}
 k - 3 scrolls of teleportation {unknown}
 n - a scroll of amnesia {unknown}
Potions
 e - a potion of haste
 g - a potion of curing {unknown}
 l - a potion of degeneration {unknown}
 o - a potion of cancellation {unknown}


   Skills:
 + Level 3.2 Fighting
 + Level 2.1 Short Blades
 + Level 2.1 Dodging
 * Level 8.6 Stealth


You had 3 spell levels left.
You didn't know any spells.
Your spell library was empty.

Dungeon Overview and Level Annotations

Branches:
Dungeon (9/15)
 Temple: D:4-7         Lair: D:8-11         Orc: D:9-12

Altars:
Okawaru


Innate Abilities, Weirdness & Mutations

You cannot wear most types of armour.
You are amphibious.
You can wear up to eight rings at the same time.
Your skin changes colour to match your surroundings (Stealth+).
Your rubbery body absorbs attacks. (AC +1, EV +1)
((You are camouflaged when in or above water. (Stealth+)))
You have tentacles for arms and can constrict up to eight enemies at once.


Message History

You open the door.
Found a stone staircase leading down.
There is an open door here.
You now have 71 gold pieces (gained 9).
There is a stone staircase leading down here.
You climb downwards.
There is a stone staircase leading up here.
Unknown command.
Found a mace.
Found a scroll labelled DANTI WOEZXOCU.
n - a scroll labelled DANTI WOEZXOCU You enter the shallow water.
Found a stone staircase leading down.
There is a stone staircase leading down here.
You climb downwards.
There is a stone staircase leading up here.
Unknown command.
Found a sedimented silvery potion.
Found a stone staircase leading down.
o - a sedimented silvery potion
There is a stone staircase leading down here.
You climb downwards.
There is a stone staircase leading up here.
Unknown command.
The hornet buzzes angrily.
The hornet barely misses you. The hornet stings you!
You feel yourself slow down.
You closely miss the hornet. You grab the hornet. You constrict the hornet.
The hornet stings you!
You feel as though you will be slow longer.
The hornet stings you.
You are lethally poisoned!
You feel as though you will be slow longer.
You hit the hornet but do no damage.
The hornet is lightly wounded.
You constrict the hornet, but do no damage.
* * * LOW HITPOINT WARNING * * *
You feel very sick. The hornet stings you!
You die...

## #. ###.
#.. #.#
######<#
#......#
#...##@.##
. #..y..#
#.###..#
#. #.# .
.# ## ..
.. .#


You could see a hornet.

Vanquished Creatures
  A scorpion (D:6)
  A hound (D:6)
  An ufetubus (D:5)
3 creatures vanquished.

Notes
Turn   | Place    | Note
-------+----------+-------------------------------------------
     0 | D:5      | dialectric the Octopode Delver began the quest for the Orb.
     0 | D:5      | Reached XP level 1. HP: 16/16 MP: 1/1
   130 | D:6      | Noticed a hound
   137 | D:6      | Killed a hound
   138 | D:6      | Reached skill level 7 in Stealth
   138 | D:6      | Reached XP level 2. HP: 21/21 MP: 2/2
   138 | D:6      | Reached XP level 3. HP: 26/26 MP: 3/3
   187 | D:6      | Noticed a scorpion
   194 | D:6      | Killed a scorpion
   195 | D:6      | Reached skill level 8 in Stealth
   195 | D:6      | Reached XP level 4. HP: 10/31 MP: 4/4
   299 | D:6      | Found an iron altar of Okawaru.
   315 | D:6      | Became a worshipper of Warmaster Okawaru
   452 | D:9      | Noticed a hornet
   456 | D:9      | Slain by a hornet

Illustrated notes

Levels and vault maps discovered:
D:5:      layout_gridville, uniq_ijyb, uniq_edmund, uniq_blork_the_orc,
          uniq_pikel
D:6:      layout_loops_corners, mainiacjoe_overflow_concentric_impassable,
          amcnicky_altar_gilded, grunt_gozag_statues, chequers_decorated_corner
D:7:      layout_basic, minmay_temple_entry_statues_fountains, serial_bayou,
          serial_bayou_shore_b, serial_bayou_shore_a, serial_bayou_pond_b,
          serial_bayou_pond_d, lemuel_flame_loot_1, uniq_maggie
D:8:      layout_basic, nicolae_vehumet_radiance
D:9:      layout_rooms, serial_shops, nicolae_shop_bloodbath_and_beyond,
          uniq_gastronok

Skill      XL: |  1  2  3 |
---------------+----------+-----
Stealth        | 7 8 |  8.6
Fighting       | |  3.2
Short Blades   | |  2.1
Dodging        | |  2.1

Action                     |  1- 3 |  4- 6 || total
---------------------------+-------+-------++-------
  Melee: Short sword       |    13 |     2 ||    15
         Constrict         |     2 |     1 ||     3
         Tentacles         |     2 |       ||     2
   Stab: Sleeping          |     1 |       ||     1
 Armour: Skin              |     1 |       ||     1
  Dodge: Dodged            |    16 |     1 ||    17
